 Dungeon Crawl Stone Soup version 0.30-b1-2-g02819fbbbe (webtiles) character file.

Game seed: 10678873043573401238

208350 Golzeb the Blood Saint (level 18, -13/140 (143) HPs)
             Began as a Demonspawn Fighter on June 11, 2023.
             Was a High Priest of Makhleb.
             Mangled by a broodmother simulacrum (27 damage)
             ... on level 4 of the Spider Nest.
             The game lasted 02:42:44 (46885 turns).

Golzeb the Blood Saint (Demonspawn Fighter)        Turns: 46885, Time: 02:42:44

HP:   -13/140 (143) AC: 14    Str: 33    XL:     18   Next: 50%
MP:   35/35         EV:  6    Int: 10    God:    Makhleb [*****.]
Gold: 2759          SH: 34    Dex: 13    Spells: 17/17 levels left

rFire   . .          .
                       - Unarmed
rCold   . . .        q - +2 tower shield
rNeg    . . .        a - +1 plate armour {rPois}
rPois   +            b - +2 helmet
rElec   .            (cloak unavailable)
rCorr   .            d - +2 pair of gloves {Str+3}
SInv    .            c - +2 pair of boots
Will    ++...        G - amulet of reflection Stlth
                     U - +6 ring of strength
HPRegen 0.43/turn    E - ring of willpower
MPRegen 0.24/turn

%: reflection
@: spiked, corroded, studying 2 skills, lightly drained
A: large bone plates 2, foul stench 3, icemail 1, condensation shield, weakness
stinger 3, deformed body
a: Renounce Religion, Minor Destruction, Lesser Servant of Makhleb, Major
Destruction, Greater Servant of Makhleb


You were on level 4 of the Spider Nest.
You worshipped Makhleb.
Makhleb was extremely pleased with you.
You visited 4 branches of the dungeon, and saw 26 of its levels.

You collected 4875 gold pieces.
You spent 2116 gold pieces at shops.

Inventory:

Hand Weapons
 i - the +3 great mace of Buorapt {antimagic, *Noise +Blink rF+ Str+3}
   (You acquired it on level 4 of the Dungeon)

   Str:       It affects your strength (+3).
   rF:        It protects you from fire.
   +Blink:    It lets you blink.
   *Noise:    It may make noises in combat.
Missiles
 u - 5 throwing nets
Armour
 a - a +1 plate armour of poison resistance (worn)
 b - a +2 helmet (worn)
 c - a +2 pair of boots (worn)
 d - a +2 pair of gloves of strength (worn)
 q - a +2 tower shield (worn)
 C - a +1 plate armour of fire resistance
 X - the +4 Cigotuvi's embrace {Corpsefed rMiasma Drain rN+}
   (You found it on level 4 of the Lair of Beasts)

   Corpsefed: It gathers nearby corpses to temporarily increase the armour it
   provides.
   rMiasma:   It protects you from foul pestilence.
   rN:        It protects you from negative energy.
   Drain:     It drains your maximum health when unequipped.
Jewellery
 g - an amulet of magic regeneration
 x - a ring of protection from cold
 E - a ring of willpower (right hand)
 G - an amulet of reflection (around neck)
 K - the amulet "Yhuvoa" {Acrobat rC- Str+4 Dex+3 Stlth+}
   (You acquired it on level 10 of the Dungeon)

   [amulet of the acrobat]

   It increases your evasion while moving and waiting.
   Str:       It affects your strength (+4).
   Dex:       It affects your dexterity (+3).
   rC:        It makes you vulnerable to cold.
   Stlth:     It makes you more stealthy.
 O - a ring of see invisible
 U - a +6 ring of strength (left hand)
Wands
 e - a wand of polymorph (11)
 p - a wand of flame (38)
 t - a wand of paralysis (24)
 v - a wand of mindburst (12)
 L - a wand of quicksilver (5)
 N - a wand of roots (31)
 Y - a wand of digging (3)
Scrolls
 j - 21 scrolls of teleportation
 m - 8 scrolls of magic mapping
 r - 3 scrolls of identify
 w - 2 scrolls of amnesia
 y - 2 scrolls of enchant armour
 D - 2 scrolls of blinking
 M - a scroll of summoning
 S - 2 scrolls of fear
 T - 2 scrolls of fog
 V - 3 scrolls of poison
 W - 2 scrolls of silence
Potions
 f - 10 potions of ambrosia
 h - 7 potions of cancellation
 k - 8 potions of brilliance
 l - a potion of curing
 n - 3 potions of invisibility
 o - 4 potions of magic
 s - 4 potions of resistance
 z - a potion of heal wounds
 B - 3 potions of haste
 F - 5 potions of lignification
 H - 4 potions of might
 P - 4 potions of berserk rage
 Q - a potion of flight


   Skills:
 - Level 13.0 Fighting
 - Level 6.5 Armour
 + Level 12.3 Shields
 - Level 16.0 Unarmed Combat
 O Level 27 Invocations


You had 17 spell levels left.
You didn't know any spells.
Your spell library contained the following spells:

 Spells                   Type           Power      Damage    Failure   Level
 Beastly Appendage        Tmut           0%         N/A       99%         1
 Necrotise                Necr           0%         1d4       99%         1
 Sandblast                Erth           0%         2d4       99%         1
 Shock                    Conj/Air       0%         1d3       99%         1
 Blink                    Tloc           0%         N/A       100%        2
 Cigotuvi's Dreadful Rot  Necr/Pois/Air  0%         N/A       100%        2
 Ensorcelled Hibernation  Hex/Ice        0%         N/A       100%        2
 Lesser Beckoning         Tloc           0%         N/A       100%        2
 Passwall                 Tmut/Erth      0%         N/A       100%        2
 Sublimation of Blood     Necr           0%         N/A       100%        2
 Wereblood                Tmut           0%         N/A       100%        2
 Dazzling Flash           Conj/Hex       0%         N/A       100%        3
 Frozen Ramparts          Ice            0%         1d1       100%        3
 Gell's Gravitas          Tloc           0%         N/A       100%        3
 Ozocubu's Armour         Ice            0%         N/A       100%        3
 Spider Form              Tmut/Pois      0%         N/A       100%        3
 Stone Arrow              Conj/Erth      0%         3d7       100%        3
 Summon Guardian Golem    Hex/Summ       0%         N/A       100%        3
 Swiftness                Air            0%         N/A       100%        3
 Teleport Other           Tloc           0%         N/A       100%        3
 Vampiric Draining        Necr           0%         2d6       100%        3
 Volatile Blastmotes      Fire/Tloc      0%         2d10      100%        3
 Airstrike                Air            0%         2d(0-16)  100%        4
 Anguish                  Hex/Necr       0%         N/A       100%        4
 Animate Armour           Summ/Erth      0%         N/A       100%        4
 Ice Form                 Ice/Tmut       0%         N/A       100%        4
 Iskenderun's Mystic Bla  Conj/Tloc      0%         2d3       100%        4
 Summon Ice Beast         Ice/Summ       0%         N/A       100%        4
 Agony                    Necr           0%         N/A       100%        5
 Blade Hands              Tmut           0%         N/A       100%        5
 Iron Shot                Conj/Erth      0%         9d1       100%        6
 Starburst                Conj/Fire      0%         6d3       100%        6
 Orb of Destruction       Conj           0%         9d5       100%        7
 Ozocubu's Refrigeration  Ice            0%         4d7       100%        7
 Spellforged Servitor     Conj/Summ      0%         N/A       100%        7
 Summon Hydra             Summ           0%         N/A       100%        7
 Infestation              Necr           0%         N/A       100%        8
 Lehudib's Crystal Spear  Conj/Erth      0%         10d2      100%        8


Dungeon Overview and Level Annotations

Branches:
Dungeon (15/15)            Temple (0/1) D:7            Lair (5/5) D:10
 Shoals (0/4) Lair:3       Spider (4/4) Lair:2        Slime (0/5) Lair:5
    Orc (2/2) D:10            Elf (0/3) Orc:2        Vaults (0/5) D:13
 Depths (0/4) D:15

Altars:
Fedhas
Gozag
Hepliaklqana
Makhleb
Nemelex Xobeh
Trog
Uskayaw
Vehumet
Xom

Shops:
D:1 !   D:4 *   D:9 !=((   Orc:2 *((=?**

Portals:
Abyss: D:11
Pandemonium: Orc:2

Annotations:
D:5 exclusion: downstairs
D:11 4 transporters, exclusion: downstairs, xzight's ghost, journeyman MiBe
D:13 exclusion: 2 downstairs
D:14 1 runed translucent door, Thantalas's ghost, journeyman TrFi
Lair:1 exclusion: oklob plant
Lair:4 exclusion: 2 downstairs
Spider:1 exclusion: downstairs
Orc:1 2 transporters, exclusion: downstairs, HumbleHazard's ghost, journeyman MiBe


Innate Abilities, Weirdness & Mutations

You are mostly covered in large bone plates. (SH +6)
You frequently emit foul miasma when damaged in melee.
A meltable icy envelope protects you from harm. (AC +4)
A meltable shield of frost defends you. (SH +4)
You have a sharp stinger which inflicts weakening toxins.
Armour fits poorly on your strangely shaped body.


Message History

The wolf spider bites you but does no damage.
You pummel the broodmother!!
The broodmother is almost dead.
The redback bites you but does no damage.
You block the jumping spider's attack. x2; The wolf spider hits you!
You emit a cloud of foul miasma!
The wolf spider bites you. You block the broodmother's attack.
The broodmother simulacrum bites you but does no damage.
You punch the broodmother!
You kill the broodmother!
Makhleb accepts your kill.
You feel better.
The orb spider disappears in a puff of smoke! x2
The jumping spider disappears in a puff of smoke!
The redback disappears in a puff of smoke! x2
A freezing mist starts to gather...
A broodmother simulacrum comes into view.
The wolf spider is engulfed in dark miasma.
The wolf spider is poisoned.
You block the wolf spider's attack. x2
The broodmother simulacrum bites you!
The broodmother simulacrum freezes you!!
The jorogumo stares at you and mumbles some strange words.
The bolt of negative energy hits you!!
You feel drained.
* * * LOW HITPOINT WARNING * * *
The wolf spider is engulfed in dark miasma.
The wolf spider looks even sicker.
You block the wolf spider's attack. x2
The jorogumo casts a spell at you.
You block stream of webbing... and reflect it back!
The stream of webbing hits the jorogumo but does no damage.
The wolf spider is engulfed in dark miasma.
The wolf spider looks even sicker.
The wolf spider hits you but does no damage.
You block the wolf spider's attack. The steelbarb worm hits you!!
* * * LOW HITPOINT WARNING * * *
Barbed spikes become lodged in your body.
The broodmother simulacrum is caught in a web!
The broodmother simulacrum bites you.
* * * LOW HITPOINT WARNING * * *
The broodmother simulacrum freezes you!!
You die...

...^##...##.†....##....
...###.###^...^####^.. .
...^#.#.^.....~##.... #'##
..............~....# ..^.#
#.^................#
......#.......#.#.^......#
..^...##§..^###.###.....##
#.....#s.Z.##...##....##
#..^§§w@Z##.....##...#
#.....#H§.............#
......##.§§##.....##.^##
......#.....# ... #..~#
!!!.###.....###.###^###
#####.......^.#.#^†.#
#~..............~.#
##.~~^........#.###
######~...~.^###


You could see a jorogumo (soul bound), a steelbarb worm (soul bound), a wolf
spider (soul bound, very poisoned) and 2 broodmother simulacra.

Vanquished Creatures
  Jorgrun (Orc:2)
  Asterion (Spider:2)
  Frances (Spider:2)
  3 emperor scorpions
  A fire giant (D:15)
  A frost giant (D:13)
  A ghost moth (Spider:2)
  6 broodmothers
  2 spark wasps (Spider:2)
  An ettin (Orc:2)
  Josephine (D:14)
  2 entropy weavers
  Harold (D:11)
  2 vault guards (D:13)
  3 hydras
  3 catoblepae
  3 radroaches (Spider:4)
  4 boulder beetles
  An ogre mage (D:15)
  4 jorogumos
  6 centaur warriors
  3 two-headed ogres
  2 tengu warriors
  A death scarab (Spider:2)
  3 orc high priests (Orc:2)
  8 death yaks
  2 sun moths
  12 skeletal warriors
  Amaemon (D:10)
  3 sun demons (D:13)
  A skyshark (Lair:5)
  A pharaoh ant (Spider:1)
  A sixfirhy (D:13)
  Lodul (D:14)
  A glowing orange brain (shapeshifter) (D:15)
  A sea snake (Lair:5)
  5 lindwurms
  6 orc knights
  11 orb spiders
  3 steelbarb worms
  A harpy (Lair:5)
  2 necromancers (D:13)
  3 deep elf pyromancers
  18 ugly things
  5 orc sorcerers (Orc:2)
  19 wolf spiders
  4 manticores
  9 elephants
  9 cyclopes
  3 moths of wrath
  Joseph (D:10)
  8 cane toads
  3 rust devils
  3 smoke demons (D:13)
  4 black mambas
  2 orange demons
  6 demonic crawlers
  5 torpor snails
  3 rime drakes (Lair:5)
  3 freezing wraiths (D:14)
  2 efreet (D:15)
  3 tengu conjurers (D:13)
  A yaktaur (D:15)
  10 komodo dragons
  A queen bee (Lair:1)
  4 ice devils
  A red devil (D:13)
  3 meliai (Spider:4)
  A meliai (shapeshifter) (D:15)
  8 trolls
  A hellwing (D:13)
  3 polar bears
  A hornet (Lair:5)
  2 wind drakes
  18 tarantellas
  25 blink frogs
  23 jumping spiders
  13 culicivoras
  2 centaur simulacra (D:14)
  7 wraiths
  A ynoxinul (D:13)
  12 slime creatures
  42 yaks
  6 wyverns
  3 basilisks
  3 vampires
  21 humans (D:13)
  5 hogs (Lair:5)
  3 steam dragons
  34 redbacks
  A chaos spawn (D:13)
  7 vampire mosquitoes
  Menkaure (D:6)
  An acid dragon (D:11)
  13 water moccasins
  3 black bears
  29 orc warriors
  An ice beast (D:14)
  2 sky beasts
  A boggart (D:13)
  16 ogres
  11 centaurs
  9 wolves (Lair:1)
  The ghost of diceflayer the Shooter, an amateur DsHu (D:3)
  A phantom (D:6)
  13 bullfrogs
  4 kobold brigands
  3 gnoll sergeants
  4 scorpions
  14 wights
  33 killer bees
  A howler monkey (D:6)
  3 electric eels
  5 jellies
  4 hounds
  22 orc priests
  A gnoll bouda (D:6)
  5 sleepcaps
  3 hell rats (Lair:2)
  2 iguanas (D:5)
  16 orc wizards
  A boggart simulacrum (D:15)
  19 gnolls
  5 river rats
  9 adders
  A shadow imp (D:6)
  3 white imps
  8 ufetubi
  5 dart slugs
  A worm (D:5)
  79 orcs
  5 ball pythons
  7 bats
  9 endoplasms
  6 giant cockroaches
  12 goblins
  9 hobgoblins
  23 kobolds
  4 quokkas
  3 frilled lizards (D:2)
  10 rats
933 creatures vanquished.

Vanquished Creatures (collateral kills)
  Arachne (Spider:2)
  Kirke (Lair:5)
  A broodmother (Spider:4)
  A spark wasp (Spider:2)
  Snorg (Orc:2)
  An entropy weaver (Spider:4)
  2 demonspawn (Orc:2)
  A merfolk avatar (Lair:5)
  4 death yaks
  A tengu warrior (D:11)
  2 skysharks (Lair:5)
  An orc high priest (Orc:2)
  A pharaoh ant (Spider:4)
  A cyclops (Orc:2)
  3 orc sorcerers (Orc:2)
  2 torpor snails
  2 cane toads
  2 rime drakes (Lair:5)
  2 komodo dragons (Lair:5)
  A wind drake (Lair:5)
  A snapping turtle (Lair:5)
  A hornet (Lair:5)
  2 jumping spiders
  3 yaks (Lair:4)
  A steam dragon (Lair:5)
  2 redbacks
  A hog (Lair:5)
  A water moccasin (Lair:4)
  7 orc warriors
  3 orc priests
  2 jellies (Lair:5)
  2 orc wizards (D:11)
  9 orcs
66 creatures vanquished.

Vanquished Creatures (others)
  A sun moth (Spider:2)
  A culicivora (Spider:4)
  A bush (Lair:5)
  6 demonic plants (D:13)
  49 fungi
  69 plants
  15 toadstools
142 creatures vanquished.

Grand Total: 1141 creatures vanquished

Notes
Turn   | Place    | Note
-------+----------+-------------------------------------------
     0 | D:1      | Golzeb the Demonspawn Fighter began the quest for the Orb.
     0 | D:1      | Reached XP level 1. HP: 18/18 MP: 1/1
     7 | D:1      | Found Qiku's Distillery.
    74 | D:1      | Gained mutation: You may rarely emit foul miasma when
                  | damaged in melee. [demonic ancestry]
    74 | D:1      | Reached XP level 2. HP: 15/24 MP: 2/2
   424 | D:1      | Reached XP level 3. HP: 25/28 MP: 3/3
  1070 | D:2      | Found a faded altar of an unknown god.
  1148 | D:2      | Reached XP level 4. HP: 34/35 MP: 4/4
  1569 | D:3      | Noticed a sky beast
  1593 | D:3      | Killed a sky beast
  1594 | D:3      | Gained mutation: You sometimes emit foul miasma when
                  | damaged in melee. [demonic ancestry]
  1594 | D:3      | Reached XP level 5. HP: 17/41 MP: 5/5
  1666 | D:3      | Reached skill level 5 in Unarmed Combat
  2017 | D:3      | Noticed diceflayer's ghost (amateur DsHu)
  2021 | D:3      | Found a runed translucent gate.
  2022 | D:3      | Found a runed translucent gate.
  2022 | D:3      | Found a runed translucent gate.
  2336 | D:3      | Killed diceflayer's ghost
  2337 | D:3      | Gained mutation: You have a small tail. [demonic ancestry]
  2337 | D:3      | Reached XP level 6. HP: 19/47 MP: 6/6
  2595 | D:4      | Found Zin's Purification Station.
  2639 | D:4      | Found a radiant altar of Vehumet.
  2753 | D:4      | Found an opulent altar of Gozag.
  2783 | D:4      | Found a burning altar of Makhleb.
  2864 | D:4      | Became a worshipper of Makhleb the Destroyer
  2988 | D:4      | Found a hazy altar of Hepliaklqana.
  2992 | D:4      | You fall into a shaft and drop 2 floors!
  3112 | D:6      | Noticed Menkaure
  3120 | D:5      | Entered Level 5 of the Dungeon
  3399 | D:4      | Gained mutation: A meltable shield of frost defends you.
                  | (SH +4) [demonic ancestry]
  3399 | D:4      | Reached XP level 7. HP: 30/52 MP: 7/7
  3736 | D:4      | Identified a scroll of acquirement
  3736 | D:4      | Acquired the +3 great mace of Buorapt {antimagic, *Noise
                  | +Blink rF+ Str+3}
  4357 | D:5      | Reached * piety under Makhleb
  4611 | D:6      | Killed Menkaure
  4798 | D:6      | Gained mutation: You are partially covered in large bone
                  | plates. (SH +4) [demonic ancestry]
  4798 | D:6      | Reached XP level 8. HP: 43/58 MP: 8/8
  5223 | D:7      | Found a sparkling altar of Nemelex Xobeh.
  5255 | D:7      | Identified the +0 chain mail "Juvi" {rPois Stlth+}
  5320 | D:7      | Reached skill level 10 in Unarmed Combat
  5320 | D:7      | Reached skill level 2 in Invocations
  5431 | D:7      | Reached skill level 3 in Invocations
  5459 | D:7      | Reached skill level 4 in Invocations
  5470 | D:7      | Reached skill level 5 in Invocations
  5598 | D:7      | Found a staircase to the Ecumenical Temple.
  5626 | D:7      | Reached ** piety under Makhleb
  5627 | D:7      | Reached skill level 6 in Invocations
  5631 | D:7      | Reached XP level 9. HP: 50/63 MP: 13/13
  5701 | D:7      | Reached skill level 7 in Invocations
  5728 | D:7      | Found a shimmering altar of Xom.
  6504 | D:8      | Reached skill level 5 in Fighting
  6835 | D:8      | Noticed a boulder beetle
  6870 | D:8      | Killed a boulder beetle
  7298 | D:8      | Reached *** piety under Makhleb
  7380 | D:8      | Gained mutation: You have a tail ending in a sharp stinger.
                  | [demonic ancestry]
  7380 | D:8      | Reached XP level 10. HP: 80/82 MP: 15/15
  8007 | D:9      | Noticed a two-headed ogre
  8015 | D:9      | Killed a two-headed ogre
  8308 | D:9      | Found Mumpass's Jewellery Emporium.
  8311 | D:9      | Bought an amulet of reflection for 450 gold pieces
  8340 | D:9      | Found a bloodstained altar of Trog.
  8350 | D:9      | Reached skill level 10 in Fighting
  8402 | D:9      | Found Zeagererr's Distillery.
  8725 | D:9      | Bought a potion of curing for 39 gold pieces
  8725 | D:9      | Bought 3 potions of might for 156 gold pieces
  8725 | D:9      | Bought a potion of haste for 130 gold pieces
  8725 | D:9      | Bought a potion of heal wounds for 65 gold pieces
  8814 | D:9      | Found Guuckaul's Weapon Boutique.
  8815 | D:9      | Noticed a two-headed ogre
  8829 | D:9      | Killed a two-headed ogre
  8830 | D:9      | Reached skill level 9 in Invocations
  9018 | D:9      | Found Zopsuor's Antique Weapon Emporium.
  9256 | D:10     | Entered Level 10 of the Dungeon
  9287 | D:9      | Reached skill level 10 in Invocations
  9868 | D:10     | Reached **** piety under Makhleb
 10008 | D:10     | Reached XP level 11. HP: 90/90 MP: 18/18
 10449 | D:10     | Noticed Amaemon
 10466 | D:10     | Killed Amaemon
 10467 | D:10     | Reached skill level 11 in Invocations
 10837 | D:10     | Acquired the amulet "Yhuvoa" {Acrobat rC- Str+4 Dex+3
                  | Stlth+}
 10867 | D:10     | Found a staircase to the Lair.
 10943 | D:10     | Found a staircase to the Orcish Mines.
 10964 | D:10     | Noticed Joseph
 10976 | D:10     | Killed Joseph
 11253 | Lair:1   | Entered Level 1 of the Lair of Beasts
 11371 | Lair:1   | Reached skill level 12 in Invocations
 11403 | Lair:1   | Reached ***** piety under Makhleb
 11588 | Lair:1   | Reached skill level 13 in Invocations
 12775 | Lair:1   | Found a blossoming altar of Fedhas.
 12798 | Lair:1   | Noticed an oklob plant
 12933 | Lair:2   | Gained mutation: You have a sharp stinger which inflicts
                  | weakening toxins. [demonic ancestry]
 12933 | Lair:2   | Reached XP level 12. HP: 95/97 MP: 21/21
 13054 | Lair:2   | Reached skill level 14 in Invocations
 13225 | Lair:2   | Reached skill level 15 in Invocations
 13499 | Lair:2   | Found a hole to the Spider Nest.
 13752 | Lair:2   | Noticed a death yak
 13766 | Lair:2   | Killed a death yak
 13921 | Lair:2   | Reached skill level 16 in Invocations
 14269 | Lair:3   | Noticed a catoblepas
 14273 | Lair:3   | Killed a catoblepas
 14402 | Lair:3   | Noticed a five-headed hydra
 14406 | Lair:3   | Killed a five-headed hydra
 14749 | Lair:3   | Reached skill level 17 in Invocations
 14858 | Lair:3   | Found a staircase to the Shoals.
 15584 | Lair:3   | Reached skill level 18 in Invocations
 15590 | Lair:3   | Reached XP level 13. HP: 93/103 MP: 26/26
 16095 | Lair:3   | Found the +1 cloak of Starlight {*Dazzle EV+4 Stlth--}
 16723 | Lair:4   | Reached skill level 19 in Invocations
 16813 | Lair:4   | Reached skill level 20 in Invocations
 17357 | Lair:4   | Found the +4 Cigotuvi's embrace {Corpsefed rMiasma Drain
                  | rN+}
 17616 | Lair:5   | Entered Level 5 of the Lair of Beasts
 18010 | Lair:5   | Reached skill level 21 in Invocations
 18461 | Lair:5   | Reached skill level 22 in Invocations
 18575 | Lair:5   | Noticed Kirke
 18664 | Lair:5   | Gained mutation: A meltable icy envelope protects you from
                  | harm. (AC +4) [demonic ancestry]
 18664 | Lair:5   | Reached XP level 14. HP: 97/110 MP: 29/29
 18991 | Lair:5   | Reached skill level 23 in Invocations
 19227 | Lair:5   | Found a staircase to the Slime Pits.
 19347 | Lair:5   | Killed Kirke
 19860 | Lair:5   | Got the Grimoire of Postmortem Places
 20176 | Orc:1    | Entered Level 1 of the Orcish Mines
 20208 | Orc:1    | Found a transporter.
 20508 | Orc:1    | Noticed HumbleHazard's ghost (journeyman MiBe)
 21137 | Orc:1    | Found a transporter.
 21315 | Orc:2    | Entered Level 2 of the Orcish Mines
 21479 | Orc:2    | Noticed Snorg
 21492 | Orc:2    | Killed Snorg
 21493 | Orc:2    | Reached skill level 24 in Invocations
 21691 | Orc:2    | Found Kokamuog's General Store.
 21700 | Orc:2    | Bought a scroll of teleportation for 36 gold pieces
 22121 | Orc:2    | Found Plog's Antique Weapon Emporium.
 22153 | Orc:2    | Found Jufuel's Assorted Antiques.
 22162 | Orc:2    | Bought a scroll of teleportation for 111 gold pieces
 22162 | Orc:2    | Bought a potion of heal wounds for 185 gold pieces
 22162 | Orc:2    | Bought a scroll of teleportation for 111 gold pieces
 22173 | Orc:2    | Noticed Jorgrun
 22183 | Orc:2    | Killed Jorgrun
 22348 | Orc:2    | Found a staircase to the Elven Halls.
 23074 | Orc:2    | Found Ciuded's General Store.
 23335 | Orc:2    | Found Duciri's Magic Scroll Boutique.
 23405 | Orc:2    | Bought a scroll of teleportation for 45 gold pieces
 23405 | Orc:2    | Bought a scroll of identify for 30 gold pieces
 23405 | Orc:2    | Bought a scroll of blinking for 112 gold pieces
 23405 | Orc:2    | Bought a scroll of teleportation for 45 gold pieces
 23405 | Orc:2    | Bought a scroll of teleportation for 45 gold pieces
 23771 | Orc:2    | Paralysed by an orc sorcerer for 5 turns
 23787 | Orc:1    | Reached skill level 25 in Invocations
 25069 | Orc:2    | Found Goruasha's Jewellery Emporium.
 25069 | Orc:2    | Found a one-way gate leading to the halls of Pandemonium.
 25069 | Orc:2    | Found Ysyz's Antique Weapon Shoppe.
 25866 | D:11     | Found a one-way gate to the infinite horrors of the Abyss.
 25870 | D:11     | Found a transporter.
 25940 | D:11     | Gained mutation: You are mostly covered in large bone
                  | plates. (SH +6) [demonic ancestry]
 25940 | D:11     | Reached XP level 15. HP: 115/115 MP: 31/31
 26174 | D:11     | Found a transporter.
 26200 | D:11     | Found a transporter.
 26298 | D:11     | Noticed Harold
 26328 | D:11     | Killed Harold
 26735 | D:11     | Found a transporter.
 26827 | D:12     | Reached skill level 26 in Invocations
 27000 | D:11     | Noticed xzight's ghost (journeyman MiBe)
 27681 | D:13     | HP: 4/119 [sun demon (19)]
 28826 | D:13     | Found a gate to the Vaults.
 29418 | D:13     | Noticed a frost giant
 29434 | D:13     | Reached skill level 5 in Armour
 29445 | D:13     | Killed a frost giant
 31582 | D:1      | Bought 2 potions of berserk rage for 120 gold pieces
 31582 | D:1      | Bought a potion of might for 48 gold pieces
 31582 | D:1      | Bought a potion of invisibility for 96 gold pieces
 31582 | D:1      | Bought a potion of haste for 120 gold pieces
 31582 | D:1      | Bought a potion of haste for 120 gold pieces
 31732 | D:9      | Bought a potion of might for 52 gold pieces
 32040 | D:14     | Noticed Josephine
 32709 | D:14     | Killed Josephine
 33275 | D:14     | Noticed Lodul
 33285 | D:14     | Killed Lodul
 33383 | D:14     | Reached skill level 27 in Invocations
 33441 | D:14     | Gained mutation: You frequently emit foul miasma when
                  | damaged in melee. [demonic ancestry]
 33441 | D:14     | Reached XP level 16. HP: 121/127 MP: 33/33
 33447 | D:14     | Found a hide-covered altar of Uskayaw.
 33457 | D:14     | Reached ****** piety under Makhleb
 34282 | D:14     | Found a runed translucent door.
 34285 | D:14     | Noticed Thantalas's ghost (journeyman TrFi)
 34286 | D:14     | Identified the +1 spear of the Crawling Thing {flame,
                  | rCorr}
 34647 | D:15     | Entered Level 15 of the Dungeon
 34648 | D:15     | Acquired a manual of Unarmed Combat
 34666 | D:15     | Identified the +0 war axe of Regicide {spect, rElec rN+
                  | Str-3 Stlth+}
 36058 | D:15     | Reached skill level 15 in Unarmed Combat
 36315 | D:15     | Found a staircase to the Depths.
 36932 | Spider:1 | Entered Level 1 of the Spider Nest
 41692 | Spider:2 | Noticed Frances
 41700 | Spider:2 | Killed Frances
 42458 | Spider:2 | Reached XP level 17. HP: 132/132 MP: 34/34
 42871 | Spider:2 | Noticed Asterion
 42877 | Spider:2 | Killed Asterion
 42898 | Spider:2 | Noticed Arachne
 42911 | Spider:2 | Killed Arachne
 43484 | Spider:2 | Reached XP level 18. HP: 131/143 MP: 35/35
 43941 | Spider:2 | Got the Omnibus of Changed Electricity
 44319 | Spider:2 | Reached skill level 10 in Shields
 44820 | Spider:3 | Identified the +5 hand axe "Nuwnemo" {flame, rPois rC+
                  | Int-4 Dex+8}
 45609 | Spider:4 | Entered Level 4 of the Spider Nest
 45933 | Spider:4 | HP: 9/214 [meliai/+0 hand axe (3)]
 45938 | Spider:4 | HP: 7/214 [emperor scorpion (5)]
 45940 | Spider:4 | HP: 2/214 [emperor scorpion (14)]
 46779 | Spider:4 | Gained mutation: Armour fits poorly on your strangely
                  | shaped body. [mutagenic glow]
 46885 | Spider:4 | Mangled by a broodmother simulacrum

Illustrated notes

Levels and vault maps discovered:
D:1:      lightli_iron_boxes, layout_rooms, serial_shops, shop
D:2:      layout_basic, hellmonk_ecumenical_altar_inner_sanctum, feat_on_display
D:3:      layout_basic, gammafunk_ghost_split, minmay_cupped
D:4:      layout_loops_ring, nicolae_vehumet_altar_sigil,
          mainiacjoe_overflow_alcove_1, elyvilon_altar_1,
          mainiacjoe_overflow_two_lobes, zin_purify
D:5:      layout_rooms, kennysheep_generic_room_14
D:6:      layout_rooms, uniq_menkaure
D:7:      layout_gridville, lemuel_tele_altar, minmay_temple_entry_stoned_glass,
          enter_bailey_4, hangedman_feature_mirror, minmay_manual_mail
D:8:      minmay_goldmine, layout_rooms
D:9:      layout_irregular_city, trog_book, serial_shops,
          nicolae_shop_industrial_runoff, kennysheep_mini_moat,
          nicolae_shop_bloodbath_and_beyond, shop
D:10:     minmay_skewed_foursquare, layout_basic, lair_entry_dummy, orc_0_dummy,
          corexii_leaking_fountain, uniq_joseph, uniq_amaemon
D:11:     gammafunk_cloud_chamber, layout_basic, gammafunk_ghost_abyssal_escape,
          uniq_harold
D:12:     layout_gridville
D:13:     hourglass_vault, layout_loops_ring, grunt_vaults_entry_tiered,
          serial_demonic, serial_demonic_a, serial_demonic_c, serial_demonic_f,
          serial_demonic_e, serial_demonic_f, serial_demonic_c
D:14:     layout_roguey, gauntlet_entry_generic, nicolae_uskayaw_dance_hall,
          serial_ice, serial_ice_c, serial_ice_i, serial_ice_f, serial_ice_g,
          serial_ice_o, portal_ice_cave_entry_horrid_things,
          ebering_ghost_funeral_grove, uniq_josephine, uniq_lodul
D:15:     grunt_enter_depths_giant_problem, layout_cave_pools, special_room
          [special_room_orc], minmay_misc_feat_cross, minmay_gold_behind_fungi,
          minmay_between
Lair:1:   layout_small_grid, special_room [special_room_bee], tgw_fedhas,
          serial_bayou_shore_b
Lair:2:   layout_cave_pods, hellmonk_spider_entry_life_and_decay,
          chequers_serial_rivers_micro_a, kennysheep_abandoned_house
Lair:3:   layout_gridlike, minmay_shoals_entry_beasts, minmay_lindwurm_lava
Lair:4:   layout_regular_city
Lair:5:   gammafunk_lair_ancient_temple, layout_concentric_octagons,
          nicolae_slime_entry_field_trip, uniq_kirke
Spider:1: layout_spider_delve
Spider:2: nicolae_spider_hilbert_zone_1 [nicolae_spider_hilbert_4_sides_1_open,
          nicolae_spider_hilbert_4_sides_1_open,
          nicolae_spider_hilbert_4_sides_1_open,
          nicolae_spider_hilbert_4_sides_1_open,
          nicolae_spider_hilbert_3_sides_1_open,
          nicolae_spider_hilbert_3_sides_1_open,
          nicolae_spider_hilbert_3_sides_1_open,
          nicolae_spider_hilbert_3_sides_1_open,
          nicolae_spider_hilbert_3_sides_1_open,
          nicolae_spider_hilbert_6_sides_1_open,
          nicolae_spider_hilbert_6_sides_1_open,
          nicolae_spider_hilbert_3_sides_1_open,
          nicolae_spider_hilbert_3_sides_1_open,
          nicolae_spider_hilbert_3_sides_1_open,
          nicolae_spider_hilbert_3_sides_1_open,
          nicolae_spider_hilbert_2_sides_1_open], uniq_asterion, uniq_arachne,
          uniq_frances
Spider:3: layout_cave_pods
Spider:4: hellmonk_spider_rune_endless_swarm
Orc:1:    layout_caves, gammafunk_ghost_stat_death, nicolae_orc_lost_temple
Orc:2:    pf_orc_diabolical, layout_caves, serial_shops,
          nicolae_shop_just_a_little_nook, shop, shop, basic_altar,
          uniq_jorgrun, uniq_snorg

Skill      XL: |  1  2  3  4  5  6  7  8  9 10 11 12 13 14 15 16 17 18 |
---------------+-------------------------------------------------------+-----
Unarmed Combat | 2 3 4 6 8 10 11 13 16 | 16.0
Invocations    | 6 7 10 13 18 22 25 27 | 27.0
Fighting       | 8 10 12 13 | 13.0
Armour         | 6 |  6.5
Shields        | 6 8 12 | 12.3

Action                     |  1- 3 |  4- 6 |  7- 9 | 10-12 | 13-15 | 16-18 || total
---------------------------+-------+-------+-------+-------+-------+-------++-------
  Melee: Unarmed           |   157 |   172 |   357 |   757 |  1250 |   868 ||  3561
         Punch             |     2 |     6 |    15 |    62 |   119 |    59 ||   263
         Tailslap          |       |     7 |    48 |   137 |   225 |   176 ||   593
         Great mace        |       |       |     3 |       |       |       ||     3
 Invoke: Major Destruction |       |       |       |    24 |    88 |    75 ||   187
         Lesser Servant of |       |       |       |     1 |       |       ||     1
         Greater Servant o |       |       |       |       |    10 |     5 ||    15
Ability: Evoke Blink       |       |       |     5 |       |    24 |       ||    29
    Use: Potion            |       |     1 |     4 |     3 |     7 |    15 ||    30
         Scroll            |       |       |     9 |     9 |    10 |     5 ||    33
   Stab: Distracted        |       |       |       |     1 |     1 |     3 ||     5
 Armour: Scale mail        |   101 |       |       |       |       |       ||   101
         Plate armour      |     5 |   126 |   202 |   149 |    26 |   319 ||   827
         Skin              |       |       |     1 |       |     2 |    18 ||    21
         Chain mail        |       |       |       |   270 |   186 |       ||   456
         Leather armour    |       |       |       |       |   262 |   144 ||   406
  Dodge: Dodged            |    84 |    63 |   178 |   402 |   333 |   200 ||  1260
  Block: Other             |       |       |   156 |   562 |   683 |   318 ||  1719
         Reflection        |       |       |       |     3 |    19 |    19 ||    41
         Tower shield      |       |       |       |       |       |   689 ||   689
